 Dungeon Crawl Stone Soup version 0.31-a0-1589-g8f5e8aebd6 (webtiles) character file.

Game seed: 11984345902073432345

79 Atlas the Ruffian (level 4, 0/35 HPs)
             Began as a Draconian Shapeshifter on Jan 6, 2024.
             Slain by an orc
             ... wielding a +0 war axe
              (6 damage)
             ... while paralysed by Ijyb
             ... on level 3 of the Dungeon.
             The game lasted 00:02:04 (1429 turns).

Atlas the Ruffian (Draconian Shapeshifter)          Turns: 1429, Time: 00:02:05

Health: 0/35       AC:  5    Str: 18    XL:     4   Next: 16%
Magic:  4/4        EV:  2    Int: 10    God:
Gold:   61         SH:  0    Dex: 11    Spells: 3/3 levels left

rFire   . .          .
                       - Unarmed
rCold   . . .        (no shield)
rNeg    . . .        (body armour unavailable)
rPois   .            (helmet currently unavailable)
rElec   .            (cloak currently unavailable)
rCorr   .            (gloves currently unavailable)
SInv    .            (boots currently unavailable)
Will    .....        (no amulet)
Stlth   +            (no ring)
HPRegen 0.25/turn    (no ring)
MPRegen 0.09/turn

%: no passive effects
@: paralysed, beast-form
A: beast (slay +2), AC +5, unfitting armour, cold-blooded
a: Begin Untransformation


You were on level 3 of the Dungeon.
You were a hulking beast.
You visited 1 branch of the dungeon, and saw 3 of its levels.

You collected 61 gold pieces.

Inventory:

Talismans
 b - a beast talisman
 c - a flux talisman
 l - a blade talisman
Scrolls
 d - 2 scrolls of identify {unknown}
 e - 2 scrolls of fear {unknown}
 g - 2 scrolls of teleportation {unknown}
 i - a scroll of amnesia {unknown}
 k - a scroll of noise {unknown}
Potions
 a - a potion of lignification
 f - 2 potions of degeneration {unknown}
 h - a potion of resistance {unknown}
 j - a potion of attraction {unknown}
 m - a potion of haste {unknown}
 n - a potion of curing {unknown}


   Skills:
 + Level 1.1 Fighting
 + Level 2.1 Dodging
 + Level 0.5 Stealth
 + Level 3.9 Unarmed Combat
 * Level 3.8 Shapeshifting


You had 3 spell levels left.
You didn't know any spells.
Your spell library contained the following spells:

 Spells                   Type           Power      Damage    Failure   Level
 Inner Flame              Hex/Fire       0%         N/A       75%         3
 Flame Wave               Conj/Fire      0%         2d4       98%         4
 Sticky Flame             Fire/Alch      0%         2d4       98%         4


Dungeon Overview and Level Annotations

Branches:
Dungeon (3/15)

Altars:
Makhleb

Annotations:
D:3 Ijyb


Innate Abilities, Weirdness & Mutations

You are a hulking beast.
Your limbs bulge with bestial killing power. (Slay +2)
Your plain brown scales are hard. (AC +5)
You cannot fit into any form of body armour.
You are cold-blooded and may be slowed by cold attacks.


Message History

There is a stone staircase leading down here.
You climb downwards.
There is a stone staircase leading up here.
Ijyb the Twisted Goblin comes into view.
She is wielding a +0 club and carrying a wand of paralysis.
Found a stone staircase leading down.
Ijyb shouts!
An orc comes into view. It is wielding a +0 war axe.
You hit Ijyb but do no damage. You tail-slap Ijyb, but do no damage.
You hit Ijyb.
Your tail-slap misses Ijyb.
Ijyb is lightly wounded.
A giant cockroach comes into view.
Ijyb hits you with a +0 club.
A gnoll comes into view. It is wielding a +0 halberd.
You closely miss Ijyb.
Your tail-slap misses Ijyb.
Ijyb is lightly wounded.
Ijyb hits you with a +0 club.
You barely miss Ijyb.
Ijyb is lightly wounded.
The orc hits you with a +0 war axe. Ijyb closely misses you.
You hit Ijyb.
Ijyb is moderately wounded.
A bat comes into view.
Ijyb closely misses you. The orc hits you with a +0 war axe.
You hit Ijyb.
Ijyb is heavily wounded.
Ijyb hits you with a +0 club. The orc barely misses you.
You hit Ijyb but do no damage.
Ijyb is heavily wounded.
The orc hits you with a +0 war axe.
Ijyb zaps a wand.
You suddenly lose the ability to move!
The orc hits you with a +0 war axe!
* * * LOW HITPOINT WARNING * * *
Ijyb zaps a wand.
You shrug off the repeated paralysis!
The bat hits you but does no damage. The bat hits you but does no damage.
The giant cockroach bites you but does no damage.
The gnoll hits you from afar with a +0 halberd.
* * * LOW HITPOINT WARNING * * *
The orc hits you with a +0 war axe.
You die...

..........# ...
..........##>.##
................
#..............
#..............
#.......b......
#.......og.....
#...hg......
#######.#.B......
#.......#........
#.#######........
#.# #........ #.#
#........
#.#######........
#.....<##........
########


You could see Ijyb, a gnoll, an orc, a giant cockroach and a bat.

Vanquished Creatures
  3 ribbon worms (D:2)
  A dart slug (D:1)
  4 bats
  4 endoplasms
  A giant cockroach (D:1)
  6 goblins
  5 hobgoblins (D:1)
  15 jackals
  4 kobolds
  A quokka (D:2)
  7 ball pythons
  3 frilled lizards
  7 rats
61 creatures vanquished.

Notes
Turn   | Place    | Note
-------+----------+-------------------------------------------
     0 | D:1      | Atlas the Draconian Shapeshifter began the quest for the
                  | Orb.
     0 | D:1      | Reached XP level 1. HP: 16/16 MP: 1/1
   154 | D:1      | Reached XP level 2. HP: 23/23 MP: 2/2
   408 | D:1      | Reached XP level 3. HP: 27/28 MP: 3/3
   455 | D:1      | Found a faded altar of an unknown god.
  1047 | D:2      | Found a burning altar of Makhleb.
  1121 | D:2      | Reached XP level 4. HP: 33/35 MP: 4/4
  1418 | D:3      | Noticed Ijyb
  1427 | D:3      | Paralysed by Ijyb for 4 turns
  1429 | D:3      | Slain by an orc

Illustrated notes

Levels and vault maps discovered:
D:1:      co_arrival_random_square_maze, layout_loops_ring,
          shapermc_ecumenical_altar_mp_vishouse
D:2:      layout_rooms, basic_altar, kennysheep_generic_room_8
D:3:      layout_basic, serial_corexii_hall, corexii_hall_statues_deadend,
          corexii_hall_statues_l, uniq_ijyb

Skill      XL: |  1  2  3 |
---------------+----------+-----
Dodging        | 2 |  2.1
Fighting       | |  1.1
Stealth        | |  0.5
Unarmed Combat | |  3.9
Shapeshifting  | |  3.8

Action                     |  1- 3 |  4- 6 || total
---------------------------+-------+-------++-------
  Melee: Unarmed           |   131 |    32 ||   163
         Tailslap          |    19 |     4 ||    23
         Punch             |     1 |       ||     1
   Stab: Sleeping          |     2 |       ||     2
 Armour: Skin              |    45 |    21 ||    66
  Dodge: Dodged            |    74 |    19 ||    93

Table legend: (Time is in decaauts)
 A = Elapsed time spent in this place.
 B = Non-inter-level travel time spent in this place.
 C = Inter-level travel time spent in this place.
 D = Time resting spent in this place.
 E = Time spent auto-exploring this place.
 F = Levels seen in this place.
 G = Mean time per level.
                   A        B        C        D        E       F      G
               +--------+--------+--------+--------+--------+-----+--------+
         Total |   1420 |   1350 |     70 |      0 |   1024 |   3 |  473.3 |
       Dungeon |   1420 |   1350 |     70 |      0 |   1024 |   3 |  473.3 |
               +--------+--------+--------+--------+--------+-----+--------+

Top non-repeatable levels by time:
     D:1: 860 daAuts
     D:2: 532 daAuts
     D:3: 27 daAuts
